 Dungeon Crawl Stone Soup version 0.19-a0-1920-g83281cb (webtiles) character file.

53 varam the Ruffian (level 3, -1/36 HPs)
             Began as a Troll Monk on Oct 23, 2016.
             Slain by a gnoll
             ... wielding a +0 spear
              (7 damage)
             ... on level 2 of the Dungeon.
             The game lasted 00:01:15 (704 turns).

varam the Ruffian (Troll Monk)                       Turns: 704, Time: 00:01:16

Health: -1/36      AC:  5    Str: 19    XL:     3   Next: 62%
Magic:  2/2        EV: 10    Int:  6    God:
Gold:   47         SH:  0    Dex: 13    Spells: 0 memorised, 2 levels left

rFire  . . .     SeeInvis .       - Unarmed
rCold  . . .     Gourm    +     a - +0 robe
rNeg   . . .     Faith    .     (no shield)
rPois  .         Spirit   .     (helmet restricted)
rElec  .         Reflect  .     (no cloak)
rCorr  .         Harm     .     (gloves unavailable)
MR     .....                    (boots unavailable)
Stlth  ++........               (no amulet)
                                (no ring)
                                (no ring)

@: no status effects
A: unfitting armour, claws 3, fast metabolism 3, gourmand, regeneration 1,
shaggy fur 1, tough skin 2
a: no special abilities


You were on level 2 of the Dungeon.
You were full.

You visited 1 branch of the dungeon, and saw 2 of its levels.

You collected 47 gold pieces.

Inventory:

Missiles
 e - 48 stones (quivered)
Armour
 a - a +0 robe (worn)
Jewellery
 l - an uncursed ring of wizardry {unknown}
Scrolls
 f - a scroll of identify {unknown}
 g - a scroll of random uselessness {unknown}
 h - a scroll of immolation {unknown}
 j - a scroll of remove curse {unknown}
Potions
 c - a potion of lignification {unknown}
 d - 2 potions of curing {unknown}
Comestibles
 b - 2 bread rations
 i - a beef jerky
 k - a slice of pizza


   Skills:
 - Level 2.4 Fighting
 - Level 2.4 Dodging
 - Level 1.0 Stealth
 + Level 4.6 Unarmed Combat


You had 2 spell levels left.
You didn't know any spells.

Dungeon Overview and Level Annotations

Branches:
Dungeon (2/15)

Altars:


Innate Abilities, Weirdness & Mutations

You are too large for most types of armour.
You have claws for hands.
Your metabolism is lightning-fast.
You like to eat raw meat.
Your natural rate of healing is unusually fast.
You are covered in fur. (AC +1)
You have very tough skin. (AC +2)


Message History

You scratch the gnoll.
The gnoll is lightly wounded.
The gnoll hits you with a spear. The gnoll barely misses you.
You barely miss the gnoll.
The gnoll is lightly wounded.
The gnoll hits you with a spear!
You scratch the gnoll but do no damage.
The gnoll is lightly wounded.
The gnoll closely misses you. x2
You scratch the gnoll.
The gnoll is heavily wounded.
The gnoll hits you with a halberd! The gnoll hits you with a spear.
You barely miss the gnoll.
The gnoll is moderately wounded.
The gnoll hits you with a halberd!
* * * LOW HITPOINT WARNING * * *
You scratch the gnoll.
The gnoll is heavily wounded.
The gnoll hits you with a spear!
You die...

##.#.###### ##.## #.....## #.###.#
#.# #.#....# ##.#..# #.#
#.#....### ##.#.# ##'## #........#
####.# ##...## #........# #....#
##.....## ##........# #.##.##
#.......#
##....)..######รท#...####.........
................@......+.........
##....#########g#g..####.........
#.#.## #.##.## ##.......# #.###
#.#### ##.....## #.# #.# ##...##
#.# #.# ##+## #g# #.# #.# #.. #.#


You could see 2 gnolls.

Vanquished Creatures
  Terence (D:2)
  A gnoll (D:1)
  A worm (D:2)
  A leopard gecko (D:2)
  2 goblins
  3 hobgoblins (D:2)
  2 jackals (D:2)
  A kobold (D:2)
  A frilled lizard (D:1)
  A rat (D:1)
14 creatures vanquished.

Notes
Turn   | Place    | Note
-------+----------+-------------------------------------------
     0 | D:1      | varam the Troll Monk began the quest for the Orb.
     0 | D:1      | Reached XP level 1. HP: 22/22 MP: 0/0
   286 | D:2      | Reached XP level 2. HP: 10/29 MP: 1/1
   515 | D:2      | Noticed Terence
   518 | D:2      | Killed Terence
   518 | D:2      | Reached skill level 4 in Unarmed Combat
   518 | D:2      | Reached XP level 3. HP: 36/36 MP: 2/2
   704 | D:2      | Slain by a gnoll

Vault maps used:
D:1:      dpeg_arrival_oval
D:2:      nicolae_underground_beach, uniq_natasha, uniq_terence

Skill      XL: |  1  2 |
---------------+-------+-----
Unarmed Combat | 4 |  4.6
Fighting       | |  2.4
Dodging        | |  2.4
Stealth        | |  1.0

Action                   || total
-------------------------++-------
Melee: Unarmed           ||    41
       Punch             ||     1
 Stab: Sleeping          ||     4
  Eat: Chunk             ||     9
Armor: Robe              ||    12
Dodge: Dodged            ||    15
